AoeStats
← yoeyhoover

Highland

504208167Analyzed
2v2 RM · 28d ago on Sep 4, 2026· 29m 16s· 4 players
Game mode
Random Map
Map size
Medium (4 player)
Population
200
Speed
Normal
Resources
Standard
Victory
Conquest
Starting age
Dark Age
Ending age
Imperial Age
RankedLock teamsTeams togetherTeam positionsShared explorationLock speedFull tech treeHidden civsTurbo modeCheats
Victory
Defeat
🇧🇷 Franks · Brazil
1053
+15
🇺🇸 Bulgarians · United States
1018
+17
🇩🇪 Mongols · Germany
1062
-17
🇫🇷 Byzantines · France
1023
-15
Rodorm
7:08 Loom
15:06 Feudal Age
21:55 Forging
24:51 Castle Age
25:28 Fletching
25:18 Crossbowman
Schlueter
10:27 Feudal Age
11:44 Wheelbarrow
11:10 Horse Collar
11:15 Double-Bit Axe
14:24 Loom
16:17 Fletching
21:53 Castle Age
23:36 Forging
23:26 Padded Archer Armor
24:38 Bow Saw
24:32 Heavy Plow
24:39 Crossbowman
25:14 Gold Mining
26:03 Bodkin Arrow
28:00 Stone Mining
yoeyhoover
7:38 Loom
12:40 Feudal Age
13:23 Arson
14:45 Forging
15:11 Scale Mail Armor
20:38 Castle Age
19:08 Double-Bit Axe
19:40 Fletching
20:28 Horse Collar
21:30 Gold Mining
22:09 Squires
25:35 Elite Skirmisher
27:18 Wheelbarrow
27:32 Stone Mining
28:41 Bodkin Arrow
28:52 Scale Barding Armor
tsN
6:59 Loom
10:11 Feudal Age
10:50 Double-Bit Axe
19:16 Wheelbarrow
22:20 Castle Age
21:30 Scale Barding Armor
22:30 Gold Mining
23:21 Chain Barding Armor
24:09 Bow Saw
24:36 Husbandry
25:56 Forging
Connection lost

Rejoining the realm…

Still unreachable

The connection could not be restored.

Session expired

The server has moved on; the page needs a fresh start.